 Dungeon Crawl Stone Soup version 0.31-a0-1002-g8e65716e6e (webtiles) character file.

Game seed: 10355787432265752605

1934 Dirtsage the Insei (level 9, -3/59 HPs)
             Began as an Octopode Shapeshifter on Nov 9, 2023.
             Was an Initiate of Gozag.
             Shot with an arrow by a centaur (11 damage)
             ... on level 6 of the Dungeon.
             The game lasted 00:15:46 (4857 turns).

Dirtsage the Insei (Octopode Shapeshifter)          Turns: 4857, Time: 00:15:47

Health: -3/59      AC:  3    Str: 14    XL:     9   Next: 17%
Magic:  9/9        EV: 13    Int: 12    God:    Gozag
Gold:   1236       SH:  0    Dex: 15    Spells: 5/8 levels left

rFire   . . .        l - +8 dagger of Usack {pain, +Blink Will+ Stlth+}
rCold   . . .        (no shield)
rNeg    . . .        (helmet currently unavailable)
rPois   .            j - amulet of regeneration
rElec   .            W - ring of wizardry
rCorr   .            w - ring of flight
SInv    .            (no ring)
Will    +....        (no ring)
Stlth   ++++++       (no ring)
HPRegen 1.09/turn    (no ring)
MPRegen 0.11/turn    (no ring)
                     (no ring)

%: wizardry (x1)
@: beast-form, flying
A: beast (slay +3), almost no armour, amphibious, 8 rings, camouflage 1,
gelatinous body 1, nimble swimmer 1, tentacles, iridescent scales 1, evolution
1, MP-powered wands
a: Begin Untransformation, Renounce Religion, Evoke Blink, Potion Petition, Call
Merchant, Bribe Branch


You were on level 6 of the Dungeon.
You worshipped Gozag.
Gozag was most pleased with you.
You were a hulking beast.
You visited 2 branches of the dungeon, and saw 7 of its levels.
You also visited: Sewer.

You collected 1258 gold pieces.
You paid 22 gold pieces to Gozag.

Inventory:

Hand Weapons
 l - the +8 dagger of Usack (weapon) {pain, +Blink Will+ Stlth+}
   (You found it on level 3 of the Dungeon)

   Will+:     It increases your willpower.
   +Blink:    It lets you blink.
   Stlth+:    It makes you more stealthy.
 m - the +6 whip of War {holy, Fly rElec rC- SInv}
   (You found it on level 2 of the Dungeon)

   rC-:       It makes you vulnerable to cold.
   rElec:     It insulates you from electricity.
   SInv:      It lets you see invisible.
   Fly:       It grants you flight.
Missiles
 q - a curare-tipped dart
 D - a throwing net
Jewellery
 j - an amulet of regeneration (around mantle)
 w - a ring of flight (right tentacle)
 W - a ring of wizardry (left tentacle)
Talismans
 b - a beast talisman
 c - a flux talisman
Wands
 y - a wand of flame (28) (quivered)
Scrolls
 a - a scroll of fear {unknown}
 f - a scroll of amnesia {unknown}
 g - 2 scrolls of noise {unknown}
 i - 2 scrolls of identify
 k - 2 scrolls of poison
 n - 2 scrolls of blinking {unknown}
 t - 2 scrolls of teleportation
 v - a scroll of enchant weapon
 x - a scroll of summoning {unknown}
Potions
 d - 2 potions of enlightenment {unknown}
 e - a potion of brilliance {unknown}
 h - 2 potions of might {unknown}
 o - a potion of degeneration {unknown}
 p - a potion of experience {unknown}
 r - 2 potions of haste {unknown}
 s - 3 potions of cancellation {unknown}
 u - a potion of attraction {unknown}
 z - a potion of curing {unknown}
 A - a potion of heal wounds {unknown}
 B - 2 potions of mutation
 C - a potion of ambrosia {unknown}
 E - a potion of berserk rage {unknown}


   Skills:
 + Level 4.4 Fighting
 - Level 2.0 Dodging
 + Level 5.2 Stealth
 * Level 7.0 Unarmed Combat
 + Level 3.3 Translocations
 + Level 3.0 Evocations
 * Level 6.5 Shapeshifting


You had 5 spell levels left.
You knew the following spells:

 Your Spells              Type           Power      Damage    Failure   Level
a - Gell's Gravitas       Tloc           7%         N/A       11%         3

Your spell library contained the following spells:

 Spells                   Type           Power      Damage    Failure   Level
 Lesser Beckoning         Tloc           14%        N/A       5%          2
 Teleport Other           Tloc           7%         N/A       11%         3


Dungeon Overview and Level Annotations

Branches:
Dungeon (6/15)             Temple (1/1) D:4           Sewer (visited)

Altars:
Ashenzari
Cheibriados
Dithmenos
Fedhas
Gozag
Hepliaklqana
Makhleb
Nemelex Xobeh
Okawaru
Qazlal
Ru
Sif Muna
Trog
Uskayaw
Vehumet
Wu Jian
Xom
Yredelemnul
Zin
The Shining One

Shops:
D:6 :


Innate Abilities, Weirdness & Mutations

You are a hulking beast.
Your limbs bulge with bestial killing power. (Slay +3)
You cannot wear most types of armour.
You are amphibious.
You can wear up to eight rings at the same time.
Your skin changes colour to match your surroundings (Stealth+).
Your rubbery body absorbs attacks. (AC +1, EV +1)
You are camouflaged when in or above water. (Stealth+)
You have tentacles for arms and can constrict up to eight enemies at once.
You are partially covered in iridescent scales. (AC +2)
You have hidden genetic potential.
You expend magic power (3 MP) to strengthen your wands.


Message History

You now have 1236 gold pieces (gained 8).
n - 2 scrolls labelled HIWKEKH HAHYMUKHLA (gained 1)
You reach down and open the door.
There is an open door here.
r - 2 metallic puce potions (gained 1)
t - 2 scrolls of teleportation (gained 1)
k - 2 scrolls of poison (gained 1)
A centaur comes into view. It is wielding a +0 halberd.
You see here a lumpy puce potion.
E - a lumpy puce potion The centaur shouts!
You hear a shout! x4
The centaur unwields a +0 halberd.
The centaur wields a +0 orcbow.
The centaur shoots an arrow.
The arrow hits you!
You hear a shout!
You take 7 damage, and have 52/59 hp.
The centaur shoots an arrow.
The arrow hits you!
You take 16 damage, and have 36/59 hp.
MASSIVE DAMAGE!!
The centaur shoots an arrow.
The arrow hits you!
You take 11 damage, and have 25/59 hp.
You regained 2 hp, and now have 27/59 hp.
You start resting.
A centaur is nearby!
You regained 3 hp, and now have 30/59 hp.
The centaur shoots an arrow.
The arrow hits you!
The centaur shoots an arrow.
The arrow hits you!
* * * LOW HITPOINT WARNING * * *
The centaur wields a +0 shortbow.
The centaur shoots an arrow.
The arrow hits you.
* * * LOW HITPOINT WARNING * * *
You take 24 damage, and have 6/59 hp.
MASSIVE DAMAGE!!
Okay, then.
Okay, then.
The centaur shoots an arrow.
The arrow barely misses you.
It was a potion of mutation.
You feel extremely strange.
You feel your magical essence link to the dungeon's wands.
Iridescent scales grow over part of your body.
You feel a hidden potential growing inside you.
The centaur shoots an arrow.
The arrow hits you!
You die...
Your body crumbles into a pile of gold.

#..........####........#
#..........# #........###
#..........# #..........#
#..........####........#..##
#..........##......)$..##..#
#..........##.##.###........
# ###.##.# #.$......
###.###≈≈≈≈≈≈###$$......
.....≈≈≈h≈≈≈≈≈≈≈........
####≈≈≈≈≈..≈≈≈≈≈≈.......
#≈≈≈≈≈≈.####c≈≈≈≈......
#≈≈≈≈≈≈≈.# ##.≈≈≈≈.....
≈≈≈≈≈≈≈≈.# #..≈≈≈.....
≈≈≈≈≈≈≈..# ..c≈≈≈#.###
≈≈≈≈≈≈≈..# ≈≈≈≈≈≈≈.c#
≈≈≈≈≈≈≈...


You could see 2 centaurs.

Vanquished Creatures
  Sigmund (D:2)
  2 water moccasins
  2 ice beasts (D:5)
  2 black bears (D:5)
  2 ogres
  2 kobold brigands (Sewer)
  4 scorpions
  A howler monkey (D:6)
  4 hounds
  An orc priest (D:6)
  A gnoll bouda (D:5)
  An iguana (D:4)
  An orc wizard (D:4)
  11 gnolls
  9 adders
  2 river rats (Sewer)
  A shadow imp (D:6)
  2 worms
  2 dart slugs
  20 orcs
  13 ball pythons
  6 endoplasms
  7 giant cockroaches
  9 hobgoblins
  14 jackals
  2 quokkas
  6 bats
  2 frilled lizards
  8 goblins
  9 kobolds
  18 rats
165 creatures vanquished.

Notes
Turn   | Place    | Note
-------+----------+-------------------------------------------
     0 | D:1      | Dirtsage the Octopode Shapeshifter began the quest for the
                  | Orb.
     0 | D:1      | Reached XP level 1. HP: 13/13 MP: 1/1
   155 | D:1      | Reached XP level 2. HP: 18/18 MP: 2/2
   611 | D:2      | Reached XP level 3. HP: 23/23 MP: 3/3
   661 | D:2      | Found an opulent altar of Gozag.
   669 | D:2      | Became a worshipper of Gozag Ym Sagoz the Greedy
   761 | D:2      | Noticed Sigmund
   800 | D:2      | Killed Sigmund
   801 | D:2      | Reached skill level 4 in Unarmed Combat
   801 | D:2      | Reached XP level 4. HP: 30/30 MP: 4/4
   801 | D:2      | Reached XP level 5. HP: 35/35 MP: 5/5
  1023 | D:2      | Learned a level 3 spell: Gell's Gravitas
  1216 | D:2      | Identified the +6 whip of War {holy, Fly rElec rC- SInv}
  1601 | D:3      | Noticed a water moccasin
  1604 | D:3      | Killed a water moccasin
  1605 | D:3      | Reached skill level 1 in Stealth
  1605 | D:3      | Reached XP level 6. HP: 41/41 MP: 6/6
  1667 | D:3      | Found a glowing drain.
  1715 | D:3      | Reached skill level 5 in Unarmed Combat
  1715 | D:3      | Reached skill level 1 in Translocations
  1740 | Sewer    | Entered a sewer
  1823 | Sewer    | Reached XP level 7. HP: 35/45 MP: 7/7
  1946 | Sewer    | Reached skill level 5 in Shapeshifting
  2562 | D:3      | Identified the +8 dagger of Usack {pain, +Blink Will+
                  | Stlth+}
  3367 | D:4      | Found a staircase to the Ecumenical Temple.
  3393 | Temple   | Entered the Ecumenical Temple
  3400 | D:4      | Reached skill level 1 in Evocations
  3503 | D:4      | Reached XP level 8. HP: 46/52 MP: 8/8
  3581 | D:4      | Found a radiant altar of Vehumet.
  3917 | D:4      | Reached skill level 6 in Unarmed Combat
  4006 | D:5      | Entered Level 5 of the Dungeon
  4073 | D:5      | Found a bloodstained altar of Trog.
  4507 | D:5      | Reached XP level 9. HP: 58/58 MP: 9/9
  4537 | D:5      | You are sucked into a shaft and drop 1 floor!
  4556 | D:6      | Reached skill level 5 in Stealth
  4562 | D:6      | Found Xorhih's Book Emporium.
  4575 | D:6      | Reached skill level 7 in Unarmed Combat
  4857 | D:6      | Gained mutation: You expend magic power (3 MP) to
                  | strengthen your wands. [potion of mutation]
  4857 | D:6      | Gained mutation: You are partially covered in iridescent
                  | scales. (AC +2) [potion of mutation]
  4857 | D:6      | Gained mutation: You have hidden genetic potential. [potion
                  | of mutation]
  4857 | D:6      | Shot with an arrow by a centaur

Illustrated notes

Levels and vault maps discovered:
D:1:      moated_graveyard_arrival, layout_loops_cross
D:2:      layout_basic, basic_altar, uniq_sigmund
D:3:      minmay_chambers_of_threes, layout_loops_corners, portal_sewer_entry_b
D:4:      layout_loops_cross, vehumet_altar_wand_db,
          minmay_temple_entry_sparse_star
D:5:      layout_loops_ring, trog_ov_bears_minmay
D:6:      layout_basic, serial_shops, shop, centaur_isle
Temple:   eino_narrow_crystal_temple

Skill      XL: |  1  2  3  4  5  6  7  8  9 |
---------------+----------------------------+-----
Fighting       | 2 3 4 |  4.4
Unarmed Combat | 4 5 6 7 |  7.0
Shapeshifting  | 4 5 6 |  6.5
Stealth        | 1 2 3 4 5 |  5.2
Translocations | 1 2 3 |  3.3
Evocations     | 1 2 3 |  3.0
Dodging        | |  2.0

Action                     |  1- 3 |  4- 6 |  7- 9 || total
---------------------------+-------+-------+-------++-------
  Melee: Unarmed           |    49 |     9 |       ||    58
         Constrict         |    11 |    16 |    38 ||    65
         Tentacles         |     6 |    12 |    32 ||    50
         Punch             |     1 |       |     5 ||     6
         Whip              |       |    46 |    52 ||    98
         Dagger            |       |       |   134 ||   134
  Throw: Dart              |       |       |     1 ||     1
   Cast: Gell's Gravitas   |       |       |     5 ||     5
  Evoke: Wand              |       |       |     4 ||     4
    Use: Potion            |     1 |       |     1 ||     2
         Scroll            |       |       |     3 ||     3
   Stab: Sleeping          |     6 |     4 |    23 ||    33
         Distracted        |       |       |     3 ||     3
 Armour: Skin              |    17 |    17 |    85 ||   119
  Dodge: Dodged            |    19 |    28 |    91 ||   138

Table legend: (Time is in decaauts)
 A = Elapsed time spent in this place.
 B = Non-inter-level travel time spent in this place.
 C = Inter-level travel time spent in this place.
 D = Time resting spent in this place.
 E = Time spent auto-exploring this place.
 F = Levels seen in this place.
 G = Mean time per level.
                   A        B        C        D        E       F      G
               +--------+--------+--------+--------+--------+-----+--------+
         Total |   4860 |   4751 |    109 |    310 |   3481 |   8 |  607.5 |
       Dungeon |   4290 |   4181 |    109 |    306 |   3056 |   6 |  715.0 |
        Temple |      1 |      1 |      0 |      0 |      0 |   1 |    1.0 |
         Sewer |    568 |    568 |      0 |      4 |    425 |   1 |  568.0 |
               +--------+--------+--------+--------+--------+-----+--------+

Top non-repeatable levels by time:
     D:2: 1032 daAuts
     D:3: 1004 daAuts
     D:4: 838 daAuts
   Sewer: 568 daAuts
     D:1: 564 daAuts
     D:5: 530 daAuts
     D:6: 319 daAuts
  Temple: 1 daAuts
